 Dungeon Crawl Stone Soup version 0.20.1-1-g8b1a95d (webtiles) character file.

2082 Jazqa the Fighter (level 9, 0/162 HPs)
             Began as an Ogre Berserker on Oct 27, 2017.
             Was a Priest of Trog.
             Succumbed to a killer bee's poison
             ... on level 7 of the Dungeon.
             The game lasted 00:11:18 (6539 turns).

Jazqa the Fighter (Ogre Berserker)                  Turns: 6539, Time: 00:11:19

Health: 0/162      AC: 24    Str: 26    XL:     9   Next: 27%
Magic:  9/9        EV:  1    Int:  8    God:    Trog [***...]
Gold:   227        SH: 12    Dex: 13    Spells: 8/8 levels left

rFire    . . .     SeeInvis .   q - +0 flail
rCold    . . .     Gourm    +   s - +0 large shield
rNeg     + + +     Faith    .   (armour currently unavailable)
rPois    +         Spirit   .   (helmet currently unavailable)
rElec    .         Reflect  .   (cloak currently unavailable)
rCorr    .         Harm     .   (gloves unavailable)
MR       +....     NoTele   +   (boots unavailable)
Stlth    ++........             m - amulet of the gourmand
Regen    0.4/turn               Z - ring of wizardry
MPRegen  0.2/turn               (no ring)

@: agile, lethally poisoned (0 -> -7), tree-form, berserk cooldown, slowed, very
slow
A: unfitting armour, rugged brown scales 1, magic resistance 1
a: Berserk, Trog's Hand, Burn Spellbooks, Renounce Religion


You were on level 7 of the Dungeon.
You worshipped Trog.
Trog was most pleased with you.
You were not hungry.
You were a tree.
You visited 1 branch of the dungeon, and saw 7 of its levels.

You collected 227 gold pieces.


Innate Abilities, Weirdness & Mutations

You are too large for most types of armour.
((You have tough skin. (AC +1)))
((You have a pair of small horns on your head.))
(You are partially covered in rugged brown scales. (AC +1, +3% HP))
You are resistant to hostile enchantments. (MR+)


   Skills:
 + Level 11.5 Fighting
 + Level 8.2 Maces & Flails
 - Level 2.6 Dodging


You had 8 spell levels left.
You didn't know any spells.

Inventory:

Hand Weapons
 e - a +0 giant spiked club
 q - a +0 flail (weapon)
Missiles
 f - 2 large rocks (quivered) {=f}
 i - 151 stones
Armour
 b - a +0 animal skin (melded)
 d - a +1 cloak (melded)
 s - a +0 large shield (worn)
Jewellery
 m - an amulet of the gourmand (around neck)
 Z - a ring of wizardry (left branch)
Wands
 h - a wand of acid (5/15)
Scrolls
 g - 2 scrolls of enchant weapon
 j - 2 scrolls of remove curse {@r2}
 k - 3 scrolls of teleportation {@r4}
 r - a scroll of enchant armour
Potions
 l - a potion of might {unknown}
 t - a potion of ambrosia
 w - a potion of lignification {!q}
 x - a potion of mutation {!q}
Comestibles
 c - 3 bread rations {@e1}
 p - a fruit {@e2}
 v - a royal jelly {@e3}
 z - a meat ration {@e1}

Dungeon Overview and Level Annotations

Branches:
Dungeon (7/15)             Temple (0/1) D:5

Altars:
Ashenzari
Dithmenos
Elyvilon
Ru
Zin

###########
..>.......###
#....y..†...#
#.##.####.#.# #.#
#.#.#
#.##.#.#########
#.#.#..........
#.yy#§.##########
≈#§§♣§..###......#
......§§§....#.####.#
⚑.♣..§§§§....#.# #.#
.....#.........# #.#
♣..≈####.....### #.#
..≈≈ #.....# #.# ..#
#..#### #.# .# #..#
##.## .... #...###


You could see 2 killer bees.


Message History

The killer bee stings you.
* * * LOW HITPOINT WARNING * * *
Unknown command.
You miss the killer bee.
You feel very sick.
The killer bee stings you but does no damage. x3
You block the killer bee's attack. x4
You hit the killer bee.
The killer bee is moderately wounded.
You feel sick. You block the killer bee's attack.
The killer bee stings you but does no damage.
The killer bee barely misses you.
The killer bee stings you but does no damage.
You block the killer bee's attack. The killer bee stings you.
* * * LOW HITPOINT WARNING * * *
The killer bee stings you but does no damage.
Your shield prevents you from hitting the killer bee.
The killer bee is moderately wounded.
You feel sick. You block the killer bee's attack. x2
The killer bee stings you.
* * * LOW HITPOINT WARNING * * *
The killer bee stings you but does no damage.
The killer bee stings you.
* * * LOW HITPOINT WARNING * * *
You are more poisoned.
The killer bee poisons you!
The killer bee stings you but does no damage.
You hit the killer bee.
The killer bee is heavily wounded.
You die...

Skill      XL: |  1  2  3  4  5  6  7  8  9 |
---------------+----------------------------+-----
Maces & Flails | 3 4 5 6 7 8 |  8.2
Fighting       | 5 6 7 9 11 | 11.5
Dodging        | |  2.6

Action                   |  1- 3 |  4- 6 |  7- 9 || total
-------------------------+-------+-------+-------++-------
Melee: Mace              |   101 |       |       ||   101
       Flail             |    20 |   101 |   246 ||   367
       Headbutt          |       |    16 |    48 ||    64
       Giant spiked club |       |       |    25 ||    25
Throw: Stone             |       |     6 |       ||     6
Invok: Berserk           |     1 |     2 |     6 ||     9
  Use: Scroll            |     2 |     4 |    13 ||    19
       Potion            |       |     1 |     4 ||     5
 Stab: Sleeping          |       |     1 |       ||     1
  Eat: Chunk             |     2 |     7 |    22 ||    31
       Fruit             |       |       |     1 ||     1
Armor: Animal skin       |    53 |    32 |    67 ||   152
       Skin              |       |       |    13 ||    13
Dodge: Dodged            |    70 |    19 |    66 ||   155
Block: Large shield      |       |    50 |   176 ||   226

Vault maps used:
D:1:      ncdulo_smallfort
D:2:      lemuel_upstairs_altar, uniq_natasha
D:3:      gammafunk_temple_overflow_claw, nicolae_ru_path_of_blood, first_bread,
          minmay_misc_feat_cross
D:5:      temple_green
D:6:      uniq_prince_ribbit1
D:7:      minmay_the_grid_octo_triangle, minivault_4, kb_lookout_dungeons_type,
          grunt_ogre_cave, elyvilon_altar_4

Notes
Turn   | Place    | Note
-------+----------+-------------------------------------------
     0 | D:1      | Jazqa the Ogre Berserker began the quest for the Orb.
     0 | D:1      | Reached XP level 1. HP: 24/24 MP: 1/1
   252 | D:1      | Reached skill level 3 in Maces & Flails
   282 | D:1      | Reached XP level 2. HP: 32/32 MP: 2/2
   919 | D:1      | Reached XP level 3. HP: 40/40 MP: 3/3
  1430 | D:2      | Reached skill level 5 in Fighting
  1522 | D:2      | Noticed Natasha
  1529 | D:2      | Reached ** piety under Trog
  1535 | D:2      | Killed Natasha
  1535 | D:2      | Reached XP level 4. HP: 19/50 MP: 4/4
  1754 | D:2      | Gained mutation: You are resistant to hostile enchantments. (MR+) [potion of mutation]
  1754 | D:2      | Gained mutation: You have a pair of small horns on your head. [potion of mutation]
  1754 | D:2      | Gained mutation: You are partially covered in rugged brown scales. (AC +1, +3% HP) [potion of mutation]
  1837 | D:2      | Noticed Natasha
  1845 | D:2      | Killed Natasha
  1899 | D:2      | Noticed Natasha
  1906 | D:2      | Killed Natasha
  1906 | D:2      | Reached skill level 6 in Fighting
  1906 | D:2      | Reached skill level 4 in Maces & Flails
  1906 | D:2      | Reached XP level 5. HP: 50/60 MP: 5/5
  2171 | D:3      | Noticed Jazqa's ghost (amateur NaFi)
  2180 | D:3      | Killed Jazqa's ghost
  2180 | D:3      | Reached XP level 6. HP: 70/70 MP: 6/6
  2311 | D:3      | Reached skill level 7 in Fighting
  2881 | D:3      | Found a sacrificial altar of Ru.
  2974 | D:3      | Found a glowing silver altar of Zin.
  2974 | D:3      | Found a shadowy altar of Dithmenos.
  2975 | D:3      | Found a shattered altar of Ashenzari.
  3027 | D:4      | Reached skill level 5 in Maces & Flails
  3195 | D:4      | Reached XP level 7. HP: 80/81 MP: 7/7
  3479 | D:4      | Reached skill level 8 in Fighting
  4063 | D:5      | Entered Level 5 of the Dungeon
  4126 | D:5      | Reached skill level 6 in Maces & Flails
  4215 | D:5      | Reached *** piety under Trog
  4215 | D:5      | Reached skill level 9 in Fighting
  4215 | D:5      | Reached XP level 8. HP: 80/94 MP: 8/8
  4645 | D:5      | Found a staircase to the Ecumenical Temple.
  4891 | D:5      | Reached skill level 10 in Fighting
  5082 | D:6      | Reached skill level 7 in Maces & Flails
  5448 | D:6      | Noticed Prince Ribbit
  5851 | D:6      | Killed Prince Ribbit
  5851 | D:6      | Reached skill level 11 in Fighting
  5851 | D:6      | Reached XP level 9. HP: 108/108 MP: 9/9
  6299 | D:7      | Reached skill level 8 in Maces & Flails
  6531 | D:7      | Found a white marble altar of Elyvilon.
  6535 | D:7      | HP: 15/162 [killer bee (3)]
  6537 | D:7      | HP: 7/162 [killer bee (4)]
  6538 | D:7      | HP: 3/162 [killer bee (4)]
  6539 | D:7      | Succumbed to a killer bee's poison

Vanquished Creatures
  Prince Ribbit (D:6)
  The ghost of Jazqa the Skirmisher, an amateur NaFi (D:3)
  A water moccasin (D:7)
  2 ice beasts
  An orc warrior (D:7)
  A sky beast (D:5)
  An ogre (D:4)
  2 phantoms (D:5)
  A centaur (D:6)
  A scorpion (D:4)
  A water moccasin skeleton (D:7)
  A killer bee (D:7)
  A howler monkey (D:4)
  A bullfrog zombie (D:5)
  A crimson imp (D:5)
  A bullfrog skeleton (D:5)
  A centaur skeleton (D:4)
  2 orc wizards
  2 orc priests
  A hound (D:6)
  Natasha (thrice) (D:2)
  An iguana (D:6)
  5 worker ants
  7 adders
  7 gnolls (D:6)
  A shadow imp (D:6)
  An adder skeleton (D:6)
  A worm (D:3)
  5 dart slugs
  3 leopard geckos
  20 orcs
  2 ball pythons (D:3)
  3 giant cockroaches
  8 goblins
  5 hobgoblins
  6 jackals
  3 quokkas
  4 bats
  6 frilled lizards
  7 kobolds
  A leopard gecko skeleton (D:4)
  8 rats
131 creatures vanquished.

Vanquished Creatures (others)
  A quokka (D:7)
1 creature vanquished.

Grand Total: 132 creatures vanquished
